 Dungeon Crawl Stone Soup version 0.30-a0-722-g3e6e8c874d (webtiles) character file.

Game seed: 3612124430314902371

39 avis the Shooter (level 3, -1/29 HPs)
             Began as a Demigod Hunter on Jan 28, 2023.
             Succumbed to an adder's poison
             ... on level 1 of the Dungeon.
             The game lasted 00:06:08 (1024 turns).

avis the Shooter (Demigod Hunter)                   Turns: 1024, Time: 00:06:09

Health: -1/29      AC:  3    Str: 12    XL:     3   Next: 11%
Magic:  5/5        EV: 13    Int: 11    God:
Gold:   54         SH:  0    Dex: 21    Spells: 2/2 levels left

rFire   . . .      SeeInvis .    a - +0 shortbow
rCold   . . .      Faith    .    (shield currently unavailable)
rNeg    . . .      Spirit   .    c - +0 leather armour
rPois   .          Reflect  .    (no helmet)
rElec   .          Harm     .    (no cloak)
rCorr   .          Rampage  .    (no gloves)
Will    .....                    (no boots)
Stlth   ++                       (no amulet)
HPRegen 0.24/turn                (no ring)
MPRegen 0.09/turn                (no ring)

@: lethally poisoned (-1 -> -8)
A: high MP 1, forlorn, divine attributes
a: no special abilities


You were on level 1 of the Dungeon.
You visited 1 branch of the dungeon, and saw 2 of its levels.

You collected 54 gold pieces.

Inventory:

Hand Weapons
 a - a +0 shortbow (weapon)
Missiles
 d - 4 javelins
 h - 4 poisoned darts
Armour
 c - a +0 leather armour (worn)
Magical Staves
 e - a staff of conjuration
Scrolls
 b - a scroll of immolation
 f - a scroll of identify {unknown}
 g - a scroll of amnesia {unknown}


   Skills:
 - Level 2.0 Fighting
 - Level 4.0 Ranged Weapons
 * Level 2.9 Dodging
 - Level 0.8 Stealth


You had 2 spell levels left.
You didn't know any spells.
Your spell library was empty.

Dungeon Overview and Level Annotations

Branches:
Dungeon (2/15)


Innate Abilities, Weirdness & Mutations

You have an increased reservoir of magic. (+10% MP)
You shall have no god before yourself.
Your divine heritage dramatically boosts your attributes as you level up.


Message History

You feel very sick. The adder bites you.
You are more poisoned.
The adder poisons you!
You climb upwards.
You feel very sick.
There is a stone staircase leading down here.
Fire: a) +0 shortbow
Press: ? - help, Q - select action, (/) - cycle Shift-Dir - straight line, f - adder
Aim: an adder (lightly wounded, 50% to hit)
You shoot an arrow. The arrow misses the adder.
You feel very sick. The adder bites you.
* * * LOW HITPOINT WARNING * * *
The adder bites you.
* * * LOW HITPOINT WARNING * * *
You are more poisoned.
The adder poisons you!
You aren't carrying any potions.
Unknown command.
Fire: a) +0 shortbow
Press: ? - help, Q - select action, (/) - cycle Shift-Dir - straight line, f/p - adder
Aim: an adder (lightly wounded, 50% to hit)
You shoot an arrow. The arrow closely misses the adder.
* * * LOW HITPOINT WARNING * * *
You feel very sick. The adder closely misses you.
Fire: a) +0 shortbow
Press: ? - help, Q - select action, (/) - cycle Shift-Dir - straight line, f/p - adder
Aim: an adder (lightly wounded, 50% to hit)
You shoot an arrow. The arrow barely misses the adder.
* * * LOW HITPOINT WARNING * * *
You feel very sick. The adder misses you. x2
Fire: a) +0 shortbow
Press: ? - help, Q - select action, (/) - cycle Shift-Dir - straight line, f/p - adder
Aim: an adder (lightly wounded, 50% to hit)
You shoot an arrow. The arrow hits the adder.
The adder is severely wounded.
You die...

.......# ##..####PPP♣P♣♣P####
.......# #...##############.
.......########....####♣PP♣####..
.).....'.............##P..P##...#
.......#########...#..##''##.....
.......#########.#.###......#####
..............##.#....#######
..............##S##...#
..............##@.+...#
..............#####...#
......######### #...# ......#
#...# ......# #...# ......# #...#
......# #...# ......# #...#
......# #...#


You could see an adder.

Vanquished Creatures
  A dart slug (D:1)
  An endoplasm (D:1)
  A giant cockroach (D:1)
  3 hobgoblins (D:1)
  4 jackals (D:1)
  2 kobolds (D:1)
  A quokka (D:1)
  5 ball pythons
  3 bats
  2 frilled lizards
  8 goblins
  2 rats (D:1)
33 creatures vanquished.

Vanquished Creatures (others)
  A plant (D:1)
1 creature vanquished.

Grand Total: 34 creatures vanquished

Notes
Turn   | Place    | Note
-------+----------+-------------------------------------------
     0 | D:1      | avis the Demigod Hunter began the quest for the Orb.
     0 | D:1      | Reached XP level 1. HP: 17/17 MP: 3/3
    56 | D:1      | Reached skill level 4 in Ranged Weapons
    59 | D:1      | Reached XP level 2. HP: 13/24 MP: 4/4
   608 | D:1      | Reached XP level 3. HP: 29/29 MP: 5/5
  1023 | D:1      | HP: 1/29 [poisoned by an adder]
  1024 | D:1      | Succumbed to an adder's poison

Illustrated notes

Levels and vault maps discovered:
D:1:      denvon_arrival_planthouse, layout_basic, st_stairs_7
D:2:      layout_loops_cross, minmay_nonomino_d4

Skill      XL: |  1  2 |
---------------+-------+-----
Fighting       | 2 |  2.0
Ranged Weapons | 4 |  4.0
Dodging        | 2 |  2.9
Stealth        | |  0.8

Action                     || total
---------------------------++-------
  Melee: Unarmed           ||     4
   Fire: Shortbow          ||    84
 Armour: Leather armour    ||    21
  Dodge: Dodged            ||    59

Table legend: (Time is in decaauts)
 A = Elapsed time spent in this place.
 B = Non-inter-level travel time spent in this place.
 C = Inter-level travel time spent in this place.
 D = Time resting spent in this place.
 E = Time spent auto-exploring this place.
 F = Levels seen in this place.
 G = Mean time per level.
                   A        B        C        D        E       F      G
               +--------+--------+--------+--------+--------+-----+--------+
         Total |   1051 |    890 |    161 |    151 |    449 |   2 |  525.5 |
       Dungeon |   1051 |    890 |    161 |    151 |    449 |   2 |  525.5 |
               +--------+--------+--------+--------+--------+-----+--------+

Top non-repeatable levels by time:
     D:1: 984 daAuts
     D:2: 66 daAuts
